Selects Battlefield Espionage Battlegroup
Construct Light Support Kompanie
Selects Intel Disruption Beacon
Pak 38 Anti-tank Gun Team
Construct Mechanized Kompanie
18-tonne Recovery Half-track
Selects 250/3 Funkpanzerwagen
Selects Anti-Tank Incendiary Munitions
Construct Panzerarmee Kommand
Selects Anti-Tank Incendiary Munitions
Pak 38 Anti-tank Gun Team
Walking Stuka Rocket Launcher
Flak 36 Anti-tank Gun Team